 Dungeon Crawl Stone Soup version 0.31-a0-819-gf6de2f5ab6 (webtiles) character file.

Game seed: 16643884144576166410

1079 adelrune the Grappler (level 8, -6/70 HPs)
             Began as a Troll Shapeshifter on Sept 23, 2023.
             Was an Initiate of Qazlal.
             Killed from afar by a gargoyle (19 damage)
             ... with a stone arrow
             ... on level 8 of the Dungeon.
             The game lasted 00:08:47 (3690 turns).

adelrune the Grappler (Troll Shapeshifter)          Turns: 3690, Time: 00:08:47

Health: -6/70      AC:  4    Str: 30    XL:     8   Next: 8%
Magic:  0/7        EV: 10    Int:  6    God:    Qazlal [......]
Gold:   211        SH:  0    Dex: 15    Spells: 7/7 levels left

rFire   . .          .
                       - Unarmed
rCold   . . .        (no shield)
rNeg    . . .        a - +0 animal skin
rPois   +            (helmet currently unavailable)
rElec   .            (cloak currently unavailable)
rCorr   .            (gloves unavailable)
SInv    .            (boots unavailable)
Will    .....        m - amulet of guardian spirit
Stlth   ++           f - +6 ring of dexterity
HPRegen 1.11/turn    u - ring "Qufyllue" {rPois Str+5}
MPRegen 0.10/turn

%: guardian spirit
@: beast-form
A: beast (slay +2), large, unfitting armour, claws 3, regeneration 1, shaggy fur
1, tough skin 1
a: Begin Untransformation, Renounce Religion


You were on level 8 of the Dungeon.
You worshipped Qazlal.
Qazlal was noncommittal.
You were a hulking beast.
You visited 2 branches of the dungeon, and saw 7 of its levels.

You collected 211 gold pieces.

Inventory:

Missiles
 v - a throwing net
Armour
 a - a +0 animal skin (worn)
 o - a scarf of resistance
Jewellery
 f - a +6 ring of dexterity (left claw)
 m - an amulet of guardian spirit (around neck)
 n - an amulet of faith
 s - a +6 ring of intelligence
 u - the ring "Qufyllue" (right claw) {rPois Str+5}
   (You found it on level 4 of the Dungeon)

   [ring of poison resistance]

   Str+5:     It affects your strength (+5).
   rPois:     It protects you from poison
 w - a +6 ring of dexterity
 y - a ring of see invisible
Talismans
 c - a beast talisman (active)
 d - a flux talisman
Scrolls
 e - a scroll of enchant armour {unknown}
 h - 2 scrolls of blinking {unknown}
 i - a scroll of fear {unknown}
 k - 2 scrolls of fog {unknown}
 l - 4 scrolls of identify {unknown}
 p - a scroll of butterflies {unknown}
 x - a scroll of revelation {unknown}
Potions
 b - a potion of lignification
 g - 2 potions of attraction {unknown}
 j - a potion of ambrosia {unknown}
 q - 2 potions of might {unknown}
 r - a potion of enlightenment {unknown}
 t - a potion of resistance {unknown}


   Skills:
 + Level 1.2 Fighting
 + Level 2.6 Dodging
 + Level 1.4 Stealth
 * Level 8.5 Unarmed Combat
 + Level 4.0 Shapeshifting


You had 7 spell levels left.
You didn't know any spells.
Your spell library contained the following spells:

 Spells                   Type           Power      Damage    Failure   Level
 Slow                     Hex            0%         N/A       45%         1
 Sting                    Tmut/Pois      0%         1d3       45%         1
 Ensorcelled Hibernation  Hex/Ice        0%         N/A       58%         2
 Lesser Beckoning         Tloc           0%         N/A       58%         2
 Passwall                 Tmut/Erth      0%         N/A       58%         2
 Poisonous Vapours        Pois/Air       0%         N/A       58%         2
 Confusing Touch          Hex            0%         N/A       83%         3
 Gell's Gravitas          Tloc           0%         N/A       83%         3
 Ignite Poison            Fire/Tmut/Pois 0%         N/A       83%         3
 Sigil of Binding         Hex            0%         N/A       83%         3
 Swiftness                Air            0%         N/A       83%         3
 Teleport Other           Tloc           0%         N/A       83%         3
 Vampiric Draining        Necr           0%         2d6       83%         3
 Olgreb's Toxic Radiance  Pois           0%         N/A       99%         4
 Sticky Flame             Conj/Fire      0%         2d3       99%         4
 Ignition                 Fire           0%         3d3       100%        8


Dungeon Overview and Level Annotations

Branches:
Dungeon (5/15)             Temple (1/1) D:5

Altars:
Ashenzari
Cheibriados
Elyvilon
Fedhas
Gozag
Makhleb
Nemelex Xobeh
Qazlal
Ru
Trog
Uskayaw
Zin
The Shining One

Shops:
D:2 *

Annotations:
Temple 2 transporters


Innate Abilities, Weirdness & Mutations

You are a hulking beast.
Your limbs bulge with bestial killing power. (Slay +2)
You are too large for most types of armour.
You have claws for hands.
Your natural rate of healing is unusually fast.
You are covered in fur. (AC +1)
You have tough skin. (AC +1)


Message History

A steam dragon comes into view.
The steam dragon moves out of view.
A dart slug comes into view.
The steam dragon hisses angrily.
The two-headed ogre shouts in stereo!
The centaur shoots an arrow.
The arrow hits you!
The centaur shoots an arrow.
The arrow completely misses you. The dart slug launches a dart at you.
The slug dart hits you but does no damage.
The centaur shoots an arrow.
The arrow closely misses you. The steam dragon breathes steam at you.
The ball of steam hits you!!
The centaur shoots an arrow.
The arrow hits you.
Found a snail-covered altar of Cheibriados.
The centaur shoots an arrow.
The arrow barely misses you.
The centaur shoots an arrow.
The arrow hits you!
The centaur shoots an arrow.
The arrow hits you.
The two-headed ogre is engulfed in a cloud of scalding steam.
A gargoyle comes into view. It is wielding a +0 flail.
The steam dragon bites you. The steam dragon closely misses you.
The dart slug closely misses you.
You mangle the dart slug!!
You kill the dart slug!
Qazlal accepts your kill. The steam dragon bites you.
The steam dragon claws you but does no damage.
You scratch the two-headed ogre.
The two-headed ogre is moderately wounded.
The gargoyle hurls a stone arrow at you.
The stone arrow hits you!
* * * LOW HITPOINT WARNING * * *
You scratch the two-headed ogre.
The two-headed ogre is moderately wounded.
The two-headed ogre hits you with a +0 giant club!
* * * LOW HITPOINT WARNING * * *
The two-headed ogre barely misses you.
You claw the two-headed ogre!
The two-headed ogre is heavily wounded.
The gargoyle hurls a stone arrow at you.
The stone arrow hits you!!
You die...

...# #.>.............###.
...######.##.#.##.........
...O.............$.#.....
...#######.#.#.........#.
##.# #.#.#...#...D.... #.#
####......#..##.. ..#
##_#..Dc.....# ###
##~~~.##O#......
#~≈~≈~.9h####.###
#~≈.≈~#### ... #~≈≈≈ ..
#.~~ ##. #


You could see a two-headed ogre, a steam dragon, a gargoyle and a centaur.

Vanquished Creatures
  A black bear (D:5)
  An ice beast (D:4)
  2 ogres (D:5)
  A centaur (D:5)
  A phantom (D:4)
  Blork the orc (D:5)
  A scorpion (D:4)
  A howler monkey (D:5)
  2 hounds
  A jelly (D:5)
  3 iguanas (D:5)
  2 orc wizards (D:5)
  9 gnolls
  An adder (D:2)
  3 worms
  5 dart slugs
  5 orcs
  8 endoplasms
  9 goblins
  4 hobgoblins
  6 jackals (D:2)
  3 quokkas (D:1)
  8 ball pythons
  6 bats
  2 frilled lizards (D:1)
  8 kobolds
  3 rats
97 creatures vanquished.

Notes
Turn   | Place    | Note
-------+----------+-------------------------------------------
     0 | D:1      | adelrune the Troll Shapeshifter began the quest for the
                  | Orb.
     0 | D:1      | Reached XP level 1. HP: 18/18 MP: 0/0
    93 | D:1      | Reached XP level 2. HP: 26/26 MP: 1/1
   717 | D:2      | Reached XP level 3. HP: 29/32 MP: 2/2
   858 | D:2      | Found Bataho's Assorted Antiques.
  1126 | D:2      | Found a faded altar of an unknown god.
  1138 | D:2      | Reached skill level 4 in Unarmed Combat
  1439 | D:3      | Reached XP level 4. HP: 40/40 MP: 3/3
  2130 | D:4      | Identified the ring "Qufyllue" {rPois Str+5}
  2169 | D:4      | Reached XP level 5. HP: 38/46 MP: 4/4
  2200 | D:4      | Reached skill level 5 in Unarmed Combat
  2321 | D:4      | Noticed an ice beast
  2335 | D:4      | Killed an ice beast
  2336 | D:4      | Reached XP level 6. HP: 54/54 MP: 5/5
  2536 | D:4      | Reached skill level 1 in Fighting
  2536 | D:4      | Reached skill level 6 in Unarmed Combat
  2817 | D:5      | Entered Level 5 of the Dungeon
  2856 | D:5      | Noticed Blork the orc
  2860 | D:5      | Reached skill level 1 in Stealth
  2860 | D:5      | Reached XP level 7. HP: 36/62 MP: 2/6
  2875 | D:5      | Killed Blork the orc
  2876 | D:5      | Reached skill level 7 in Unarmed Combat
  2894 | D:5      | Found a sacrificial altar of Ru.
  2974 | D:5      | Found a sparkling altar of Nemelex Xobeh.
  3191 | D:5      | Found a staircase to the Ecumenical Temple.
  3205 | Temple   | Found a transporter.
  3205 | Temple   | Found a transporter.
  3205 | Temple   | Found a transporter.
  3205 | Temple   | Found a transporter.
  3205 | Temple   | Entered the Ecumenical Temple
  3221 | Temple   | Became a worshipper of Qazlal Stormbringer
  3275 | D:5      | Reached skill level 8 in Unarmed Combat
  3560 | D:5      | Reached XP level 8. HP: 70/70 MP: 7/7
  3584 | D:5      | You fall into a shaft and drop 3 floors!
  3598 | D:8      | Found a bloodstained altar of Trog.
  3607 | D:8      | Noticed a two-headed ogre
  3681 | D:8      | Found a snail-covered altar of Cheibriados.
  3683 | D:8      | Noticed a gargoyle
  3690 | D:8      | Killed from afar by a gargoyle

Illustrated notes

Levels and vault maps discovered:
D:1:      lemuel_arrival_lava_pool, layout_loops_ring
D:2:      minmay_general_purpose_star, layout_basic, serial_shops,
          nicolae_shop_tiny_real_fake_doors,
          chequers_ecumenical_altar_simple_redux
D:3:      layout_loops_cross, kennysheep_generic_room_16
D:4:      layout_loops_ring
D:5:      layout_loops_ring, mainiacjoe_overflow_paths,
          nicolae_ru_sacrificial_ziggurat, minmay_temple_entry_offerings,
          minmay_misc_feat_encased, uniq_blork_the_orc
D:8:      layout_loops_cross, beargit_hepliaklqana_dungeon_heroes,
          kennysheep_slug_shrine, grunt_dithmenos_smoke,
          trog_three_pillars_becter, lair_entry_dummy, serial_shops,
          shop_statue, dreamdust_wishing_well, uniq_maggie
Temple:   hellmonk_temple_divided_pantheon

Skill      XL: |  1  2  3  4  5  6  7 |
---------------+----------------------+-----
Unarmed Combat | 4 5 6 8 |  8.5
Dodging        | 2 |  2.6
Fighting       | 1 |  1.2
Stealth        | 1 |  1.4
Shapeshifting  | 4 |  4.0

Action                     |  1- 3 |  4- 6 |  7- 9 || total
---------------------------+-------+-------+-------++-------
  Melee: Unarmed           |    85 |    90 |    42 ||   217
         Punch             |       |     2 |     3 ||     5
   Stab: Sleeping          |     1 |     3 |       ||     4
 Armour: Animal skin       |    40 |    54 |    47 ||   141
  Dodge: Dodged            |    39 |    36 |    19 ||    94

Table legend: (Time is in decaauts)
 A = Elapsed time spent in this place.
 B = Non-inter-level travel time spent in this place.
 C = Inter-level travel time spent in this place.
 D = Time resting spent in this place.
 E = Time spent auto-exploring this place.
 F = Levels seen in this place.
 G = Mean time per level.
                   A        B        C        D        E       F      G
               +--------+--------+--------+--------+--------+-----+--------+
         Total |   3667 |   3615 |     52 |     98 |   2699 |   7 |  523.9 |
       Dungeon |   3628 |   3576 |     52 |     98 |   2699 |   6 |  604.7 |
        Temple |     38 |     38 |      0 |      0 |      0 |   1 |   38.0 |
               +--------+--------+--------+--------+--------+-----+--------+

Top non-repeatable levels by time:
     D:4: 788 daAuts
     D:2: 708 daAuts
     D:5: 707 daAuts
     D:1: 684 daAuts
     D:3: 635 daAuts
     D:8: 105 daAuts
  Temple: 38 daAuts
